 Dungeon Crawl Stone Soup version 0.31-a0-1074-g0b22e4e0f1 (webtiles) character file.

Game seed: 2233264607795465118

177 CowFu the Conjurer (level 5, -4/38 HPs)
             Began as a Demigod Conjurer on Dec 7, 2023.
             Slain by Dowan
             ... wielding a +0 dagger
              (5 damage)
             ... on level 4 of the Dungeon.
             The game lasted 00:04:06 (3301 turns).

CowFu the Conjurer (Demigod Conjurer)               Turns: 3301, Time: 00:04:07

Health: -4/38      AC:  4    Str: 14    XL:     5   Next: 9%
Magic:  0/10       EV: 12    Int: 24    God:
Gold:   120        SH:  0    Dex: 12    Spells: 4/7 levels left

rFire   . . .        (no weapon)
rCold   . . .        (no shield)
rNeg    . . .        a - +0 robe
rPois   .            (no helmet)
rElec   .            (no cloak)
rCorr   .            (no gloves)
SInv    .            i - +1 pair of boots
Will    .....        (no amulet)
Stlth   ++           j - +6 ring of strength
HPRegen 0.26/turn    (no ring)
MPRegen 0.12/turn

%: no passive effects
@: very slightly contaminated
A: high MP 1, forlorn, divine attributes
a: no special abilities


You were on level 4 of the Dungeon.
You visited 1 branch of the dungeon, and saw 4 of its levels.

You collected 120 gold pieces.

Inventory:

Armour
 a - a +0 robe (worn)
 i - a +1 pair of boots (worn)
Jewellery
 j - a +6 ring of strength (left hand)
 k - an amulet of guardian spirit
Scrolls
 o - a scroll of blinking {unknown}
Potions
 b - 2 potions of magic
 c - a potion of brilliance
 d - 2 potions of attraction
 e - 3 potions of berserk rage {unknown}
 m - a potion of haste {unknown}


   Skills:
 - Level 1.7 Dodging
 - Level 1.7 Stealth
 - Level 1.7 Spellcasting
 + Level 6.1 Conjurations


You had 4 spell levels left.
You knew the following spells:

 Your Spells              Type           Power      Damage    Failure   Level
a - Magic Dart            Conj           100%       1d8       1%          1
b - Searing Ray           Conj           62%        2d6       1%          2

Your spell library contained the following spells:

 Spells                   Type           Power      Damage    Failure   Level
 Kiss of Death            Conj/Necr      64%        2d10      3%          1
 Dazzling Flash           Conj/Hex       32%        N/A       11%         3
 Slow                     Hex            8%         N/A       12%         1
 Jinxbite                 Hex            4%         N/A       19%         2
 Sublimation of Blood     Necr           2%         N/A       19%         2
 Fulminant Prism          Conj/Hex       8%         3d7       34%         4
 Iskenderun's Mystic Bla  Conj/Tloc      16%        2d5       34%         4
 Petrify                  Tmut/Erth      2%         N/A       77%         4
 Irradiate                Conj/Tmut      8%         3d14      69%         5
 Haunt                    Necr/Summ      1%         N/A       100%        7


Dungeon Overview and Level Annotations

Branches:
Dungeon (4/15)             Temple (0/1) D:4

Annotations:
D:4 Dowan, Duvessa


Innate Abilities, Weirdness & Mutations

You have an increased reservoir of magic. (+10% MP)
You shall have no god before yourself.
Your divine heritage dramatically boosts your attributes as you level up.


Message History

Press: ? - help, Shift-Dir - straight line, f/p - Duvessa
Aim: Duvessa, wielding a +0 short sword and wearing a +0 ring mail (lightly wounded, 85% to hit)
The searing ray hits Duvessa.
Duvessa is moderately wounded.
The searing ray hits Dowan.
Dowan is lightly wounded. (Press . to maintain the ray.)
You are no longer glowing.
Duvessa barely misses you. The hobgoblin hits you.
* * * LOW HITPOINT WARNING * * *
The searing ray hits Duvessa.
Duvessa is moderately wounded.
The searing ray hits Dowan!
Dowan is heavily wounded.
The hobgoblin misses you. Duvessa closely misses you.
The searing ray hits Duvessa!
Duvessa is heavily wounded.
The searing ray misses Dowan.
The hobgoblin hits you but does no damage.
Casting: Searing Ray (safe; 1% risk of failure)
Confirm with . or Enter, or press ? or * to list all spells.
Aiming: Magic Dart (safe; 1% risk of failure)
Press: ? - help, Shift-Dir - straight line, f/p - Duvessa
Aim: Duvessa, wielding a +0 short sword and wearing a +0 ring mail (heavily wounded, 100% to hit)
The magic dart hits Duvessa but does no damage.
Duvessa is heavily wounded.
Duvessa hits you with a +0 short sword.
* * * LOW HITPOINT WARNING * * *
The hobgoblin barely misses you. Dowan completely misses you.
Okay, then.
Okay, then.
Okay, then.
As you read the scroll labelled UMANOI SERUNEBER, it crumbles to dust.
The creatures around you are filled with an inner flame!
It was a scroll of immolation.
The hobgoblin barely misses you.
Duvessa says, "Where magic fails, the sword succeeds!"
Duvessa hits you with a +0 short sword.
* * * LOW HITPOINT WARNING * * *
Dowan hits you with a +0 dagger.
You die...

,,,,..........#.....#.##.****,,,,
,,,,,#.....#....##..#....,,,,,,**
,,,,*#.....#.##.......##.,,,,,,*
...,##..........#.##.....***,,,*
....#......##...#....##..**,,,,*
....#....................**,,,,**
......................#**,,,,,,,*
...............ge....###,,,,,,,,,
...............e@.......,,,,,,,,,
...........#######......,,,***,,,
*#......#### **,......,,,****,,
###...##* **,,,.....,,,,,,,,>
*#._.,,*** **,,,**,...,,,,,,,,,
#....,,,,***,,,****,..,,****,,,
*#....*,,,,,,,,** ***.,** **,,
*#...##**,,,,,,** *,,* *,,
*#...***,,,,,,** *,,*** ***,


You could see Duvessa (inner flame), Dowan (inner flame) and a hobgoblin (inner
flame).

Vanquished Creatures
  A scorpion (D:3)
  A hound (D:3)
  An adder (D:4)
  2 worms (D:2)
  A dart slug (D:3)
  9 orcs (D:3)
  4 endoplasms
  5 giant cockroaches
  3 goblins
  7 hobgoblins
  2 jackals (D:3)
  4 quokkas
  4 ball pythons
  4 bats
  3 frilled lizards
  5 kobolds
  5 rats
61 creatures vanquished.

Notes
Turn   | Place    | Note
-------+----------+-------------------------------------------
     0 | D:1      | CowFu the Demigod Conjurer began the quest for the Orb.
     0 | D:1      | Reached XP level 1. HP: 14/14 MP: 5/5
   254 | D:1      | Reached skill level 4 in Conjurations
   480 | D:1      | Reached XP level 2. HP: 20/20 MP: 5/7
  1376 | D:1      | Learned a level 2 spell: Searing Ray
  1617 | D:2      | Reached XP level 3. HP: 26/26 MP: 4/8
  2360 | D:3      | Noticed an angel
  2360 | D:3      | Noticed a balrug
  2468 | D:3      | Reached skill level 5 in Conjurations
  2532 | D:3      | Got the Incunable of Charming Abominable Arts
  2541 | D:3      | Reached XP level 4. HP: 33/33 MP: 5/9
  3039 | D:3      | Reached skill level 6 in Conjurations
  3042 | D:3      | Reached XP level 5. HP: 38/38 MP: 3/10
  3260 | D:4      | Found a staircase to the Ecumenical Temple.
  3274 | D:4      | Noticed Duvessa
  3275 | D:4      | Noticed Dowan
  3300 | D:4      | HP: 1/38 [Duvessa/+0 short sword (5)]
  3301 | D:4      | Slain by Dowan

Illustrated notes

Levels and vault maps discovered:
D:1:      minmay_arrival_wavy_path, layout_loops_ring
D:2:      minmay_angry_zag, layout_basic, grunt_ministairs_13
D:3:      layout_rooms, grunt_temple_overflow_order_and_chaos_2
D:4:      layout_layer_cave, bloody_trog, mainiacjoe_overflow_chevrons,
          minmay_temple_entry_ruins, gup_sewer_entry_bubbles, uniq_duvessa

Skill      XL: |  1  2  3  4 |
---------------+-------------+-----
Conjurations   | 4 5 6 |  6.1
Dodging        | |  1.7
Stealth        | |  1.7
Spellcasting   | |  1.7

Action                     |  1- 3 |  4- 6 || total
---------------------------+-------+-------++-------
  Melee: Unarmed           |     3 |    19 ||    22
   Cast: Magic Dart        |   100 |    41 ||   141
         Searing Ray       |     1 |     2 ||     3
    Use: Scroll            |       |     7 ||     7
 Armour: Robe              |    14 |    31 ||    45
  Dodge: Dodged            |    13 |    26 ||    39

Table legend: (Time is in decaauts)
 A = Elapsed time spent in this place.
 B = Non-inter-level travel time spent in this place.
 C = Inter-level travel time spent in this place.
 D = Time resting spent in this place.
 E = Time spent auto-exploring this place.
 F = Levels seen in this place.
 G = Mean time per level.
                   A        B        C        D        E       F      G
               +--------+--------+--------+--------+--------+-----+--------+
         Total |   3300 |   3220 |     80 |      0 |   2806 |   4 |  825.0 |
       Dungeon |   3300 |   3220 |     80 |      0 |   2806 |   4 |  825.0 |
               +--------+--------+--------+--------+--------+-----+--------+

Top non-repeatable levels by time:
     D:2: 1267 daAuts
     D:1: 1084 daAuts
     D:3: 903 daAuts
     D:4: 45 daAuts
